 Dungeon Crawl Stone Soup version 0.29.1-13-g9f3cf754e1 (webtiles) character file.

Game seed: 11630129359417219661

54 TiredYak the Poker (level 3, 0/30 HPs)
             Began as a Minotaur Gladiator on Feb 1, 2023.
             Slain by a hound (4 damage)
             ... on level 4 of the Dungeon on Feb 3, 2023.
             The game lasted 00:06:37 (1959 turns).

TiredYak the Poker (Minotaur Gladiator)             Turns: 1959, Time: 00:06:37

Health: 0/30       AC:  3    Str: 20    XL:     3   Next: 66%
Magic:  2/2        EV: 12    Int:  5    God:
Gold:   88         SH:  0    Dex: 11    Spells: 2/2 levels left

rFire   . . .      SeeInvis .   a - +0 trident
rCold   . . .      Faith    .   (no shield)
rNeg    . . .      Spirit   .   b - +0 leather armour
rPois   .          Reflect  .   c - +0 hat
rElec   .          Harm     .   (no cloak)
rCorr   .          Rampage  .   (no gloves)
Will    .....                   (no boots)
Stlth   +.........              (no amulet)
HPRegen 0.10/turn               (no ring)
MPRegen 0.08/turn               (no ring)

@: no status effects
A: horns 2, retaliatory headbutt
a: no special abilities


You were on level 4 of the Dungeon.
You visited 1 branch of the dungeon, and saw 3 of its levels.

You collected 88 gold pieces.

Inventory:

Hand Weapons
 a - a +0 trident (weapon)
Missiles
 d - 3 throwing nets (quivered)
 e - a javelin
Armour
 b - a +0 leather armour (worn)
 c - a +0 hat (worn)
Scrolls
 f - a scroll of teleportation
 h - a scroll of enchant armour {unknown}
 m - a scroll of brand weapon {unknown}
 o - a scroll of enchant weapon {unknown}
Potions
 g - a potion of haste {unknown}
 i - a potion of lignification
 j - a potion of degeneration {unknown}
 k - a potion of heal wounds {unknown}
 l - a potion of cancellation {unknown}
 n - a potion of attraction {unknown}
 p - a potion of might {unknown}
 q - a potion of mutation {unknown}


   Skills:
 + Level 2.7 Fighting
 + Level 4.7 Polearms
 + Level 2.2 Throwing
 + Level 1.5 Armour
 + Level 3.6 Dodging


You had 2 spell levels left.
You didn't know any spells.
Your spell library contained the following spells:

 Spells                   Type           Power      Damage    Failure   Level
 Beastly Appendage        Tmut           0%         N/A       52%         1
 Wereblood                Tmut           0%         N/A       67%         2
 Spider Form              Tmut/Pois      0%         N/A       88%         3


Dungeon Overview and Level Annotations

Branches:
Dungeon (4/15)             Temple (0/1) D:4

Altars:
Xom

Shops:
D:1 (   D:2 (=*==*


Innate Abilities, Weirdness & Mutations

You have a pair of horns on your head.
You reflexively headbutt those who attack you in melee.


Message History

You hit the hound but do no damage. Your headbutt misses the hound.
The hound closely misses you.
You miss the hound. The hound misses you. The hound bites you.
The hound bites you but does no damage. The hound closely misses you.
The hound attacks as you move away! The hound bites you but does no damage.
The hound attacks as you move away! The hound bites you.
The hound stops to sniff the ground.
The dart slug launches a dart at you. The slug dart hits you.
The hound barely misses you. The hound attacks as you move away!
The hound bites you. The hound closely misses you. The hound bites you.
The hound attacks as you move away! The hound barely misses you.
You furiously retaliate!
You headbutt the hound, but do no damage.
The dart slug launches a dart at you. The slug dart hits you.
* * * LOW HITPOINT WARNING * * *
The hound bites you.
* * * LOW HITPOINT WARNING * * *
The hound attacks as you move away! The hound completely misses you.
You furiously retaliate!
You headbutt the hound.
Sorry, you're not good enough to have a special ability.
You hit the hound but do no damage. Your headbutt misses the hound.
The hound is moderately wounded.
The hound closely misses you. The hound barely misses you.
You barely miss the hound. Your headbutt misses the hound.
The hound is moderately wounded.
The hound bites you.
* * * LOW HITPOINT WARNING * * *
You miss the hound.
The hound is moderately wounded.
The hound bites you but does no damage. The hound closely misses you.
You barely miss the hound.
The hound is moderately wounded.
The hound barely misses you. The hound closely misses you.
You closely miss the hound.
The hound is moderately wounded.
The hound bites you.
You die...

## #. ## #. #. ##. ##.
#..#.. # #.#.. ..
#...######.# ...
###..Sh@.....#
!#.#######...w#########
........##.#..# #
#.).#..w...## #.#
#......### #...###....#
........#..#
..>..##....# .....
..##.#


You could see a hound, a dart slug and a ball python.

Vanquished Creatures
  An adder (D:2)
  A dart slug (D:1)
  2 ball pythons (D:1)
  4 endoplasms
  A giant cockroach (D:1)
  3 goblins
  5 hobgoblins
  3 jackals (D:1)
  2 quokkas
  6 bats
  A frilled lizard (D:1)
  6 kobolds
  5 rats
40 creatures vanquished.

Notes
Turn   | Place    | Note
-------+----------+-------------------------------------------
     0 | D:1      | TiredYak the Minotaur Gladiator began the quest for the
                  | Orb.
     0 | D:1      | Reached XP level 1. HP: 18/18 MP: 0/0
    43 | D:1      | Found Guyrgh's Antique Weapon Boutique.
   457 | D:1      | Reached skill level 4 in Polearms
   580 | D:1      | Reached XP level 2. HP: 25/25 MP: 1/1
  1207 | D:1      | Reached XP level 3. HP: 30/30 MP: 2/2
  1316 | D:2      | Found Gaihic's Weapon Boutique.
  1410 | D:2      | Found Ysoir's Jewellery Shoppe.
  1442 | D:2      | Reached skill level 1 in Armour
  1591 | D:2      | Found a shimmering altar of Xom.
  1765 | D:2      | Found Seului's Jewellery Shoppe.
  1788 | D:2      | Found Ufachi's One-of-a-Kind Rings.
  1811 | D:2      | Found Qahobaaf's Assorted Antiques.
  1869 | D:2      | Found Gilociph's Assorted Antiques.
  1928 | D:2      | You fall into a shaft and drop 2 floors!
  1928 | D:4      | Found a staircase to the Ecumenical Temple.
  1959 | D:4      | Slain by a hound

Illustrated notes

Levels and vault maps discovered:
D:1:      dpeg_arrival_houses_and_road, layout_basic, serial_shops,
          nicolae_shop_overgrown_old_shop
D:2:      layout_loops_ring, basic_altar, serial_shops, nicolae_lakefront_shop,
          nicolae_shop_waterfront, nicolae_shop_bloodbath_and_beyond,
          nicolae_shop_advertising_works [nicolae_subvault_shop_adworks], shop,
          nicolae_shop_unique_rings, nicolae_wormholes
D:4:      layout_rooms, kennysheep_little_box, minmay_temple_entry_slanted,
          serial_shops, nicolae_shop_waterfront, nicolae_shop_hallway_plus,
          uniq_blork_the_orc

Skill      XL: |  1  2  3 |
---------------+----------+-----
Polearms       | 4 |  4.7
Armour         | 1 |  1.5
Fighting       | |  2.7
Throwing       | |  2.2
Dodging        | |  3.6

Action                   || total
-------------------------++-------
Melee: Trident           ||    95
       Headbutt          ||     9
  Use: Potion            ||     1
       Scroll            ||     1
Armor: Leather armour    ||    23
Dodge: Dodged            ||    60
